[Event "SVK Extraliga 2019-20"]
[Site "Slovakia"]
[Date "2020.01.18"]
[Round "5.2"]
[White "Smolen, Jan"]
[Black "Michalik, Peter"]
[Result "1/2-1/2"]
[ECO "C47"]
[WhiteElo "2422"]
[BlackElo "2595"]
[Annotator "RC"]
[PlyCount "55"]
[EventDate "2019.10.19"]
[EventType "team-tourn"]
[EventCountry "SVK"]
[SourceTitle "playchess.com"]
[Source "ChessBase"]
[SourceQuality "1"]
[WhiteTeam "Dunajov"]
[BlackTeam "Modra"]
[WhiteTeamCountry "SVK"]
[BlackTeamCountry "CZE"]
[TimeControl "40/5400+30:1800+30"]

1. e4 e5 2. Nf3 Nc6 3. Nc3 Nf6 4. d4 exd4 5. Nxd4 Bb4 6. Nxc6 bxc6 7. Bd3 d5 8. exd5 O-O 9. O-O Bg4 10. Be2 Bxe2 11. Qxe2 cxd5 12. Qf3 Qd7 13. Bf4 c6 14. Ne2 Rfe8 15. Rfd1 Bc5 16. h3 Qb7 17. b3 Qb6 18. Nc3 Ne4 19. Nxe4 Rxe4 20. c4 Bxf2+ 21. Qxf2 Qxf2+ 22. Kxf2 Rxf4+ 23. Kg3 Rf5 24. cxd5 cxd5 25. Rac1 h6 26. Rc7 Re8 27. Rd2 a6 28. Rd7 1/2-1/2

[Event "SVK Extraliga 2019-20"]
[Site "Slovakia"]
[Date "2020.01.18"]
[Round "5.3"]
[White "Ftacnik, Lubomir"]
[Black "Horvath, Csaba"]
[Result "1/2-1/2"]
[ECO "A05"]
[WhiteElo "2516"]
[BlackElo "2514"]
[Annotator "ChessBase"]
[PlyCount "48"]
[EventDate "2019.10.19"]
[EventType "team-tourn"]
[EventCountry "SVK"]
[SourceTitle "playchess.com"]
[Source "ChessBase"]
[SourceQuality "1"]
[WhiteTeam "Slovan"]
[BlackTeam "Podhajska"]
[TimeControl "40/5400+30:1800+30"]

1. Nf3 Nf6 2. c4 b6 3. g3 Bb7 4. Bg2 g6 5. b3 c5 6. Bb2 Bg7 7. O-O O-O 8. Nc3 d5 9. Nxd5 Nxd5 10. Bxg7 Kxg7 11. cxd5 Qxd5 12. d4 Na6 13. Nh4 Qd7 14. dxc5 Qxd1 15. Rfxd1 Bxg2 16. Kxg2 Nxc5 17. b4 Na6 18. a3 Rfd8 19. Nf3 Rac8 20. Ne5 Rxd1 21. Rxd1 f6 22. Nf3 Kf7 23. Rd3 Nb8 24. Nd4 a6 1/2-1/2

[Event "SVK Extraliga 2019-20"]
[Site "Slovakia"]
[Date "2020.01.18"]
[Round "5.3"]
[White "Ponizil, Cyril"]
[Black "Bernasek, Jan"]
[Result "1/2-1/2"]
[ECO "B06"]
[WhiteElo "2502"]
[BlackElo "2495"]
[Annotator "ChessBase"]
[PlyCount "81"]
[EventDate "2019.10.19"]
[EventType "team-tourn"]
[EventCountry "SVK"]
[SourceTitle "playchess.com"]
[Source "ChessBase"]
[SourceQuality "1"]
[WhiteTeam "Dubnica"]
[BlackTeam "Zilina"]
[TimeControl "40/5400+30:1800+30"]

1. e4 g6 2. d4 Bg7 3. Nf3 d6 4. Bc4 e6 5. O-O Ne7 6. Re1 O-O 7. h3 b6 8. a4 Bb7 9. Nc3 a6 10. Bf4 Nd7 11. Qc1 d5 12. exd5 exd5 13. Bd3 c5 14. Bh6 Re8 15. Bxg7 Kxg7 16. Qf4 Qb8 17. Qd2 Nf6 18. Bf1 Nf5 19. Rxe8 Qxe8 20. Re1 Qf8 21. Qf4 Rc8 22. g4 Qd6 23. Ne2 Qxf4 24. Nxf4 Nd6 25. Re3 Rc7 26. Rb3 Nc4 27. dxc5 bxc5 28. Bxc4 dxc4 29. Re3 Rd7 30. Ne1 Rd2 31. Re7 Bd5 32. Rc7 Rd1 33. Kf1 c3 34. bxc3 Bc4+ 35. Nfd3 Ne4 36. f3 Nxc3 37. Rxc5 Bxd3+ 38. cxd3 Nxa4 39. Ra5 Nc3 40. Rxa6 Rd2 41. Ra3 1/2-1/2

[Event "SVK Extraliga 2019-20"]
[Site "Slovakia"]
[Date "2020.01.18"]
[Round "5.3"]
[White "Vykouk, Jan"]
[Black "Pniaczek, Marek"]
[Result "1-0"]
[ECO "C78"]
[WhiteElo "2434"]
[BlackElo "2145"]
[Annotator "ChessBase"]
[PlyCount "83"]
[EventDate "2019.10.19"]
[EventType "team-tourn"]
[EventCountry "SVK"]
[SourceTitle "playchess.com"]
[Source "ChessBase"]
[SourceQuality "1"]
[WhiteTeam "Modra"]
[BlackTeam "Dunajov"]
[WhiteTeamCountry "CZE"]
[BlackTeamCountry "POL"]
[TimeControl "40/5400+30:1800+30"]

1. e4 e5 2. Nf3 Nc6 3. Bb5 a6 4. Ba4 Nf6 5. d3 b5 6. Bb3 Bc5 7. O-O d6 8. c3 O-O 9. a4 Rb8 10. axb5 axb5 11. Nbd2 Bb6 12. Re1 Ne7 13. Nf1 Ng6 14. Ng3 Re8 15. h3 h6 16. d4 Bb7 17. Bc2 Nf4 18. Be3 Ng6 19. dxe5 dxe5 20. Bxb6 cxb6 21. Nf5 Qc7 22. Qd6 Qc6 23. Rad1 Rbd8 24. Qxd8 Rxd8 25. Rxd8+ Kh7 26. Rdd1 Bc8 27. Bb3 Bxf5 28. exf5 Nf4 29. Bxf7 Qb7 30. Bg6+ Nxg6 31. fxg6+ Kxg6 32. Rxe5 b4 33. cxb4 Qc7 34. Rde1 Qc4 35. b5 Qb3 36. Nh4+ Kh7 37. Nf5 Qxb2 38. Re7 Nh5 39. g4 Qxb5 40. R7e5 Qd3 41. gxh5 Qxh3 42. Ng3 1-0

[Event "SVK Extraliga 2019-20"]
[Site "Slovakia"]
[Date "2020.01.18"]
[Round "5.3"]
[White "Vrtiakova, Anna"]
[Black "Rigo, Zsolt"]
[Result "0-1"]
[ECO "B41"]
[WhiteElo "1995"]
[BlackElo "2401"]
[Annotator "ChessBase"]
[PlyCount "54"]
[EventDate "2019.10.19"]
[EventType "team-tourn"]
[EventCountry "SVK"]
[SourceTitle "playchess.com"]
[Source "ChessBase"]
[SourceQuality "1"]
[WhiteTeam "Bratislava"]
[BlackTeam "Streda"]
[TimeControl "40/5400+30:1800+30"]

1. e4 c5 2. Nf3 e6 3. d4 cxd4 4. Nxd4 a6 5. Nc3 Qc7 6. a3 Nf6 7. Bd3 Bc5 8. Nb3 Be7 9. f4 d6 10. Be3 b5 11. O-O Bb7 12. Qe2 Nbd7 13. Rae1 Rc8 14. Bd2 e5 15. Nd1 O-O 16. h3 Rfe8 17. Qf2 d5 18. fxe5 Nxe5 19. Nc3 dxe4 20. Nxe4 Nxd3 21. cxd3 Bd5 22. Nd4 Nxe4 23. Rxe4 Bxe4 24. Qxf7+ Kh8 25. dxe4 Bc5 26. Bc3 Qxf7 27. Rxf7 Rcd8 0-1

[Event "SVK Extraliga 2019-20"]
[Site "Slovakia"]
[Date "2020.01.18"]
[Round "5.4"]
[White "Simacek, Pavel"]
[Black "Hrabusa, Matej"]
[Result "1/2-1/2"]
[ECO "B53"]
[WhiteElo "2469"]
[BlackElo "2364"]
[Annotator "ChessBase"]
[PlyCount "114"]
[EventDate "2019.10.19"]
[EventType "team-tourn"]
[EventCountry "SVK"]
[SourceTitle "playchess.com"]
[Source "ChessBase"]
[SourceQuality "1"]
[WhiteTeam "Snina"]
[BlackTeam "Liptovska"]
[TimeControl "40/5400+30:1800+30"]

1. e4 c5 2. Nf3 d6 3. d4 cxd4 4. Qxd4 a6 5. c4 Nf6 6. Nc3 e5 7. Qd1 h6 8. Bd3 Be7 9. O-O O-O 10. h3 Be6 11. Be3 Nbd7 12. Qe2 Rc8 13. Rac1 Re8 14. Nd5 Nc5 15. Bb1 a5 16. Nd2 Nfd7 17. Qh5 Bg5 18. Bxg5 Qxg5 19. Qxg5 hxg5 20. Ne3 Nf6 21. Rfd1 Rc6 22. b3 Nh5 23. Nf3 f6 24. Rd2 g6 25. Rcd1 Rd8 26. Nh2 Kf7 27. Nhg4 Nf4 28. g3 Bxg4 29. hxg4 Nfe6 30. Kg2 Nd4 31. Rh1 Kg7 32. Nd5 Rcc8 33. Rdd1 Rh8 34. Ne7 Ra8 35. Nd5 Na6 36. Nc3 Rxh1 37. Rxh1 Nc5 38. Rd1 Rh8 39. Nd5 Kf7 40. Rf1 Nce6 41. Bd3 Kg7 42. Rd1 Nc5 43. Bb1 Na6 44. Nc3 Nc7 45. Bd3 Nce6 46. Nd5 Nc5 47. Bb1 Ra8 48. Nb6 Rd8 49. Nd5 Na6 50. Nc3 Nb4 51. Nb5 Nbc6 52. Nc3 Ne6 53. Rd5 Nc7 54. Rd1 Nd4 55. Bd3 Na6 56. Bb1 Nc5 57. Nd5 Rh8 1/2-1/2

[Event "SVK Extraliga 2019-20"]
[Site "Slovakia"]
[Date "2020.01.18"]
[Round "5.4"]
[White "Bagi, Mate"]
[Black "Walterova, Ema"]
[Result "1-0"]
[ECO "C77"]
[WhiteElo "2466"]
[BlackElo "1787"]
[Annotator "ChessBase"]
[PlyCount "73"]
[EventDate "2019.10.19"]
[EventType "team-tourn"]
[EventCountry "SVK"]
[SourceTitle "playchess.com"]
[Source "ChessBase"]
[SourceQuality "1"]
[WhiteTeam "Streda"]
[BlackTeam "Bratislava"]
[TimeControl "40/5400+30:1800+30"]

1. e4 e5 2. Nf3 Nc6 3. Bb5 a6 4. Ba4 Nf6 5. Nc3 b5 6. Bb3 Be7 7. a4 b4 8. Nd5 Bc5 9. O-O d6 10. c3 bxc3 11. bxc3 Ba7 12. d4 h6 13. Nxf6+ Qxf6 14. Bd5 Bd7 15. Be3 O-O 16. Rb1 Rad8 17. h3 Rfe8 18. Rb7 Bb6 19. dxe5 Nxe5 20. Bxb6 cxb6 21. Nd4 Ng6 22. f4 Ne7 23. Bb3 Kh8 24. Rxb6 Nc8 25. Rb7 Rxe4 26. Qf3 Re7 27. a5 Rde8 28. Qh5 Qg6 29. Qxg6 fxg6 30. Bc4 Bf5 31. Bxa6 Rxb7 32. Bxb7 Ne7 33. Re1 Bd7 34. a6 Nf5 35. Rxe8+ Bxe8 36. Nxf5 gxf5 37. a7 1-0

[Event "SVK Extraliga 2019-20"]
[Site "Slovakia"]
[Date "2020.01.18"]
[Round "5.4"]
[White "Jurcik, Marian"]
[Black "Motuz, Karol"]
[Result "1-0"]
[ECO "C16"]
[WhiteElo "2456"]
[BlackElo "2368"]
[Annotator "ChessBase"]
[PlyCount "65"]
[EventDate "2019.10.19"]
[EventType "team-tourn"]
[EventCountry "SVK"]
[SourceTitle "playchess.com"]
[Source "ChessBase"]
[SourceQuality "1"]
[WhiteTeam "Zilina"]
[BlackTeam "Dubnica"]
[TimeControl "40/5400+30:1800+30"]

1. e4 e6 2. d4 d5 3. Nc3 Bb4 4. e5 Qd7 5. a3 Bxc3+ 6. bxc3 b6 7. a4 Ba6 8. Bxa6 Nxa6 9. Qd3 Nb8 10. Qg3 f5 11. a5 Nc6 12. axb6 cxb6 13. Ne2 Qf7 14. h4 Nge7 15. h5 Rg8 16. Qd3 g5 17. hxg6 Nxg6 18. Ng3 Nf8 19. Nh5 O-O-O 20. g3 Na5 21. Nf6 Rh8 22. Qa6+ Kb8 23. Bh6 Nc4 24. Ke2 Rc8 25. Qb5 Rc7 26. Bxf8 Rxf8 27. Rxh7 Qxh7 28. Nxh7 Rxh7 29. Qc6 f4 30. gxf4 Rxf4 31. Rg1 Rhf7 32. Rg8+ Rf8 33. Rxf8+ 1-0

[Event "SVK Extraliga 2019-20"]
[Site "Slovakia"]
[Date "2020.01.18"]
[Round "5.4"]
[White "Matejovic, Juraj"]
[Black "Stohl, Igor"]
[Result "1/2-1/2"]
[ECO "B85"]
[WhiteElo "2216"]
[BlackElo "2473"]
[Annotator "ChessBase"]
[PlyCount "33"]
[EventDate "2019.10.19"]
[EventType "team-tourn"]
[EventCountry "SVK"]
[SourceTitle "playchess.com"]
[Source "ChessBase"]
[SourceQuality "1"]
[WhiteTeam "Dunajov"]
[BlackTeam "Modra"]
[WhiteTeamCountry "SVK"]
[BlackTeamCountry "SVK"]
[TimeControl "40/5400+30:1800+30"]

1. e4 c5 2. Nf3 e6 3. d4 cxd4 4. Nxd4 a6 5. Nc3 d6 6. Be2 Nf6 7. O-O Be7 8. f4 O-O 9. a4 Nc6 10. Be3 Qc7 11. Kh1 Nxd4 12. Qxd4 Bd7 13. e5 Ne8 14. Rad1 Bc6 15. Bd3 Rd8 16. Qa7 Qc8 17. Bxa6 1/2-1/2

[Event "SVK Extraliga 2019-20"]
[Site "Slovakia"]
[Date "2020.01.18"]
[Round "5.5"]
[White "Piesik, Piotr"]
[Black "Petrik, Tomas"]
[Result "1-0"]
[ECO "E20"]
[WhiteElo "2419"]
[BlackElo "2450"]
[Annotator "ChessBase"]
[PlyCount "73"]
[EventDate "2019.10.19"]
[EventType "team-tourn"]
[EventCountry "SVK"]
[SourceTitle "playchess.com"]
[Source "ChessBase"]
[SourceQuality "1"]
[WhiteTeam "Dubnica"]
[BlackTeam "Zilina"]
[TimeControl "40/5400+30:1800+30"]

1. d4 Nf6 2. c4 e6 3. Nc3 Bb4 4. f3 d5 5. a3 Be7 6. e4 dxe4 7. fxe4 e5 8. d5 Bc5 9. Bg5 O-O 10. Nf3 Bg4 11. h3 Bxf3 12. Qxf3 Nbd7 13. O-O-O Bd4 14. Ne2 c6 15. Nxd4 exd4 16. Rxd4 Qb6 17. Rd1 Rfe8 18. Bxf6 Nxf6 19. Bd3 Nd7 20. Bc2 Ne5 21. Qc3 Qf2 22. Rd2 Qf4 23. g3 Qh6 24. c5 Rad8 25. Kb1 b6 26. Rhd1 Rc8 27. d6 Nd7 28. cxb6 axb6 29. h4 Re5 30. Rf2 Rc5 31. Qd4 Rf8 32. Bb3 Ne5 33. Rdf1 Qg6 34. d7 Rd8 35. Qxe5 Rxe5 36. Bxf7+ Qxf7 37. Rxf7 1-0

[Event "SVK Extraliga 2019-20"]
[Site "Slovakia"]
[Date "2020.01.18"]
[Round "5.5"]
[White "Pacher, Milan"]
[Black "Likavsky, Tomas"]
[Result "1-0"]
[ECO "B43"]
[WhiteElo "2402"]
[BlackElo "2436"]
[Annotator "ChessBase"]
[PlyCount "47"]
[EventDate "2019.10.19"]
[EventType "team-tourn"]
[EventCountry "SVK"]
[SourceTitle "playchess.com"]
[Source "ChessBase"]
[SourceQuality "1"]
[WhiteTeam "Slovan"]
[BlackTeam "Podhajska"]
[TimeControl "40/5400+30:1800+30"]

1. e4 c5 2. Nf3 e6 3. d4 cxd4 4. Nxd4 a6 5. Nc3 b5 6. Bd3 Bb7 7. O-O Nf6 8. e5 Nd5 9. Nxd5 Bxd5 10. Re1 Nc6 11. Be4 Bxe4 12. Rxe4 Qc7 13. Bf4 Bc5 14. Nxc6 Qxc6 15. Qd3 h6 16. Rd1 Ke7 17. b4 Bb6 18. c4 Rhd8 19. c5 Bc7 20. Rd4 a5 21. a3 axb4 22. axb4 g6 23. Rd6 Bxd6 24. exd6+ 1-0

[Event "SVK Extraliga 2019-20"]
[Site "Slovakia"]
[Date "2020.01.18"]
[Round "5.5"]
[White "Plachetka, Jan"]
[Black "Mrva, Martin"]
[Result "1/2-1/2"]
[ECO "A48"]
[WhiteElo "2301"]
[BlackElo "2395"]
[Annotator "ChessBase"]
[PlyCount "103"]
[EventDate "2019.10.19"]
[EventType "team-tourn"]
[EventCountry "SVK"]
[SourceTitle "playchess.com"]
[Source "ChessBase"]
[SourceQuality "1"]
[WhiteTeam "Liptovska"]
[BlackTeam "Snina"]
[TimeControl "40/5400+30:1800+30"]

1. d4 Nf6 2. Nf3 g6 3. Bg5 Bg7 4. Nbd2 h6 5. Bh4 d6 6. e3 g5 7. Bg3 Nh5 8. Bd3 Nc6 9. c3 Nxg3 10. hxg3 e5 11. Qc2 exd4 12. exd4 Qe7+ 13. Kf1 Be6 14. Re1 d5 15. Nb3 O-O-O 16. Nc5 Rd6 17. Qb3 Nd8 18. Bf5 Qf6 19. Bxe6+ fxe6 20. Ne5 Rf8 21. f3 Qf5 22. g4 Qh7 23. Qa4 a6 24. Kf2 Bh8 25. Re2 Rg8 26. Qd1 Re8 27. Qd3 Qxd3 28. Ncxd3 Bg7 29. g3 Rf8 30. Rhe1 b6 31. Kg2 Nb7 32. f4 gxf4 33. gxf4 c5 34. Ng6 Re8 35. f5 cxd4 36. cxd4 Bxd4 37. Ndf4 Nc5 38. b4 Ne4 39. Nxe6 Bf6 40. Rc1+ Nc3 41. Ngf4 Kd7 42. Rd2 Rc8 43. Kf3 Ne4 44. Rdc2 Rxc2 45. Rxc2 Rc6 46. Rxc6 Kxc6 47. Ke3 Kd6 48. Nxd5 Kxd5 49. Nf4+ Ke5 50. Nd3+ Kd5 51. Nf4+ Ke5 52. Nd3+ 1/2-1/2

[Event "SVK Extraliga 2019-20"]
[Site "Slovakia"]
[Date "2020.01.18"]
[Round "5.5"]
[White "Jablonicky, Martin"]
[Black "Kantorik, Marian"]
[Result "1-0"]
[ECO "B05"]
[WhiteElo "2258"]
[BlackElo "2204"]
[Annotator "ChessBase"]
[PlyCount "85"]
[EventDate "2019.10.19"]
[EventType "team-tourn"]
[EventCountry "SVK"]
[SourceTitle "playchess.com"]
[Source "ChessBase"]
[SourceQuality "1"]
[WhiteTeam "Modra "]
[BlackTeam "Dunajov"]
[WhiteTeamCountry "SVK"]
[BlackTeamCountry "SVK"]
[TimeControl "40/5400+30:1800+30"]

1. e4 Nf6 2. e5 Nd5 3. d4 d6 4. Nf3 Bg4 5. h3 Bh5 6. Be2 e6 7. O-O Be7 8. c4 Nb6 9. exd6 cxd6 10. a4 Nc6 11. b3 a5 12. Nc3 O-O 13. Bf4 d5 14. Nb5 Bxf3 15. Bxf3 Qd7 16. Rc1 Bf6 17. Nc7 Rac8 18. cxd5 Nxd4 19. dxe6 Nxf3+ 20. Qxf3 fxe6 21. Rfd1 Bd4 22. Qe4 e5 23. Bxe5 Bxf2+ 24. Kh1 Qf5 25. Qe2 Rf7 26. Bh2 h5 27. Nb5 Rxc1 28. Rxc1 Bc5 29. Bd6 Bxd6 30. Nxd6 Qf4 31. Rd1 Rd7 32. Qe8+ Qf8 33. Qe6+ Kh7 34. Qe5 g6 35. Rd4 Re7 36. Rf4 Qg7 37. Qxa5 Qa1+ 38. Kh2 Qc1 39. Qg5 Qc7 40. Qxe7+ Qxe7 41. Rf7+ Qxf7 42. Nxf7 Nd7 43. a5 1-0

[Event "SVK Extraliga 2019-20"]
[Site "Slovakia"]
[Date "2020.01.18"]
[Round "5.6"]
[White "Druska, Juraj"]
[Black "Vojtek, Vladimir"]
[Result "1/2-1/2"]
[ECO "B53"]
[WhiteElo "2501"]
[BlackElo "2263"]
[Annotator "ChessBase"]
[PlyCount "90"]
[EventDate "2019.10.19"]
[EventType "team-tourn"]
[EventCountry "SVK"]
[SourceTitle "playchess.com"]
[Source "ChessBase"]
[SourceQuality "1"]
[WhiteTeam "Zilina"]
[BlackTeam "Dubnica"]
[TimeControl "40/5400+30:1800+30"]

1. e4 c5 2. Nf3 d6 3. d4 cxd4 4. Qxd4 Nc6 5. Bb5 Bd7 6. Qd3 Nf6 7. c4 g6 8. Nc3 Bg7 9. O-O O-O 10. h3 Rc8 11. Be3 a6 12. Bxc6 Bxc6 13. Nd4 Nd7 14. Rac1 Nc5 15. Qb1 Bd7 16. Rfd1 Qe8 17. Nd5 Ne6 18. Nxe6 Bxe6 19. b4 f5 20. Bd4 Bxd4 21. Rxd4 Qf7 22. exf5 Bxd5 23. Rxd5 Rxc4 24. Rxc4 Qxd5 25. Rc7 Qxf5 26. Qxf5 Rxf5 27. Rxe7 Rb5 28. a3 a5 29. bxa5 Rxa5 30. Rxb7 Rxa3 31. Rd7 Rd3 32. Kf1 Rd5 33. Ke2 Re5+ 34. Kd3 Rd5+ 35. Ke2 Re5+ 36. Kf1 Rd5 37. g3 g5 38. Ke2 Re5+ 39. Kf3 Rf5+ 40. Kg4 Rxf2 41. Rxd6 Rg2 42. Rd3 Rh2 43. Rd5 h6 44. Rd7 Rh1 45. Ra7 Rh2 1/2-1/2

[Event "SVK Extraliga 2019-20"]
[Site "Slovakia"]
[Date "2020.01.18"]
[Round "5.6"]
[White "Vymazal, Bronislav"]
[Black "Kostolansky, Sebastian Lukas"]
[Result "1-0"]
[ECO "B07"]
[WhiteElo "2378"]
[BlackElo "2408"]
[Annotator "ChessBase"]
[PlyCount "85"]
[EventDate "2019.10.19"]
[EventType "team-tourn"]
[EventCountry "SVK"]
[SourceTitle "playchess.com"]
[Source "ChessBase"]
[SourceQuality "1"]
[WhiteTeam "Podhajska"]
[BlackTeam "Slovan"]
[TimeControl "40/5400+30:1800+30"]

1. e4 g6 2. d4 Bg7 3. Nc3 d6 4. Be3 Nf6 5. Qd2 O-O 6. f3 c6 7. g4 h5 8. h3 b5 9. Nge2 Nbd7 10. Bg5 b4 11. Nd1 c5 12. Ne3 Bb7 13. Bg2 cxd4 14. Nxd4 Nh7 15. h4 Nxg5 16. hxg5 h4 17. Nd5 e6 18. Nxb4 Qb6 19. c3 Ne5 20. O-O-O a5 21. Nd3 Nxd3+ 22. Qxd3 Ba6 23. Qd2 Rab8 24. Bf1 Rfc8 25. Kb1 Bb7 26. Rh2 d5 27. exd5 Bxd5 28. f4 Qc5 29. Ka1 a4 30. Rh3 a3 31. b3 e5 32. Ne2 Be6 33. f5 gxf5 34. gxf5 Bxf5 35. Rxh4 Qf2 36. Qe1 Rd8 37. Rc1 Qe3 38. Ng3 Qxe1 39. Rxe1 e4 40. Rc1 Bxc3+ 41. Kb1 Bg6 42. Rxc3 Bf5 43. Rc1 1-0

[Event "SVK Extraliga 2019-20"]
[Site "Slovakia"]
[Date "2020.01.18"]
[Round "5.6"]
[White "Meszaros, Michal"]
[Black "Havalda, Samuel"]
[Result "1-0"]
[ECO "C79"]
[WhiteElo "2368"]
[BlackElo "1533"]
[Annotator "ChessBase"]
[PlyCount "93"]
[EventDate "2019.10.19"]
[EventType "team-tourn"]
[EventCountry "SVK"]
[SourceTitle "playchess.com"]
[Source "ChessBase"]
[SourceQuality "1"]
[WhiteTeam "Streda"]
[BlackTeam "Bratislava"]
[TimeControl "40/5400+30:1800+30"]

1. e4 e5 2. Nf3 Nc6 3. Bb5 a6 4. Ba4 Nf6 5. O-O d6 6. d3 b5 7. Bb3 Be7 8. a4 Na5 9. Ba2 O-O 10. axb5 axb5 11. b4 Nc6 12. Bxf7+ Rxf7 13. Rxa8 Nxb4 14. Ng5 Rf8 15. Ne6 Qd7 16. Nxf8 Bxf8 17. c3 Nc6 18. Qb3+ Qe6 19. Qxb5 Bd7 20. Qb7 Ne8 21. f4 d5 22. Qb3 Bc5+ 23. Kh1 exf4 24. exd5 Qe2 25. dxc6+ Kh8 26. Qd1 Qxd1 27. Rxd1 Bxc6 28. Rxe8+ Bxe8 29. Bxf4 Bh5 30. Re1 Bf2 31. Rf1 Bc5 32. d4 Bf8 33. Bxc7 Kg8 34. Nd2 Be2 35. Rf2 Bd3 36. Nf3 Bc4 37. Ne5 Be6 38. c4 h6 39. d5 Bxd5 40. cxd5 Be7 41. d6 Bg5 42. d7 Bh4 43. g3 Bg5 44. h4 Be7 45. Rf7 Bf6 46. Rxf6 gxf6 47. d8=Q+ 1-0

[Event "SVK Extraliga 2019-20"]
[Site "Slovakia"]
[Date "2020.01.18"]
[Round "5.6"]
[White "Lisko, Frantisek"]
[Black "Maslik, Miroslav"]
[Result "0-1"]
[ECO "A41"]
[WhiteElo "2256"]
[BlackElo "2358"]
[Annotator "ChessBase"]
[PlyCount "106"]
[EventDate "2019.10.19"]
[EventType "team-tourn"]
[EventCountry "SVK"]
[SourceTitle "playchess.com"]
[Source "ChessBase"]
[SourceQuality "1"]
[WhiteTeam "Dunajov"]
[BlackTeam "Modra "]
[WhiteTeamCountry "SVK"]
[BlackTeamCountry "SVK"]
[TimeControl "40/5400+30:1800+30"]

1. d4 d6 2. c4 e5 3. d5 f5 4. e4 fxe4 5. Nc3 Nf6 6. Nge2 Bf5 7. Ng3 Bg6 8. Qe2 c6 9. Ngxe4 Nxe4 10. Nxe4 cxd5 11. cxd5 Qa5+ 12. Nc3 Nd7 13. Qg4 a6 14. Be2 Be7 15. Bg5 Bxg5 16. Qxg5 Nf6 17. O-O O-O 18. Rad1 Qb6 19. Rd2 Rac8 20. Qe3 Qxe3 21. fxe3 b5 22. a3 Rc5 23. Rfd1 Rfc8 24. h3 h5 25. Kh2 Kf7 26. Kg1 Ke7 27. Kh2 R8c7 28. Kg1 h4 29. Kh2 Bf5 30. Kg1 g6 31. Kh2 Rxc3 32. bxc3 Rxc3 33. a4 bxa4 34. Bxa6 Rxe3 35. Rb2 Rb3 36. Ra2 Ne4 37. Rc1 Nc5 38. Bc4 Rb4 39. Ra3 e4 40. Kg1 Kf6 41. Ba2 Ke5 42. Rc4 Rb2 43. Rcc3 Rd2 44. Rc4 Rxd5 45. Rb4 Rd1+ 46. Kh2 Rd3 47. Rxd3 exd3 48. Rb1 Kd4 49. Kg1 d2 50. Rd1 Ke3 51. Bd5 Bc2 52. Bf3 Bxd1 53. Bxd1 a3 0-1

[Event "SVK Extraliga 2019-20"]
[Site "Slovakia"]
[Date "2020.01.18"]
[Round "5.7"]
[White "Zpevak, Pavel"]
[Black "Zwardon, Vojtech"]
[Result "1/2-1/2"]
[ECO "A46"]
[WhiteElo "2347"]
[BlackElo "2476"]
[Annotator "ChessBase"]
[PlyCount "121"]
[EventDate "2019.10.19"]
[EventType "team-tourn"]
[EventCountry "SVK"]
[SourceTitle "playchess.com"]
[Source "ChessBase"]
[SourceQuality "1"]
[WhiteTeam "Dubnica"]
[BlackTeam "Zilina"]
[TimeControl "40/5400+30:1800+30"]

1. d4 Nf6 2. Nf3 e6 3. g3 b5 4. Bg2 Bb7 5. O-O c5 6. c3 cxd4 7. cxd4 Be7 8. Bg5 O-O 9. Qd3 Be4 10. Qd1 d6 11. Nc3 Bc6 12. a3 Nbd7 13. Qd3 Qb6 14. d5 Bxd5 15. Nxd5 exd5 16. Nd4 Ne5 17. Qd1 Rac8 18. Nf5 Bd8 19. Rc1 Rxc1 20. Qxc1 g6 21. Be3 Qa6 22. Nd4 Bb6 23. Qd1 Nc4 24. Bc1 Rc8 25. Qd3 Bc5 26. Nc2 Ne5 27. Qd1 Qa4 28. Ne3 Qxd1 29. Rxd1 d4 30. Nf1 Bb6 31. Bg5 Kg7 32. Rc1 Rc4 33. Bd2 d5 34. b3 Rxc1 35. Bxc1 Ne4 36. Nd2 f5 37. h3 a5 38. Kf1 a4 39. b4 Nc4 40. Nf3 Nc3 41. Ne1 Na2 42. Nd3 Nxc1 43. Nxc1 Nxa3 44. Bxd5 Nc2 45. Na2 Bc7 46. Bc6 Bd6 47. Bxb5 a3 48. Bc4 Nxb4 49. Nc1 f4 50. gxf4 Bxf4 51. Nd3 Bd2 52. Nxb4 Bxb4 53. Kg2 Kf6 54. f4 Ke7 55. Kf3 Kd6 56. Ke4 Kc5 57. Bg8 Bd2 58. Bf7 Be3 59. Bg8 h6 60. Bf7 h5 61. Kd3 1/2-1/2

[Event "SVK Extraliga 2019-20"]
[Site "Slovakia"]
[Date "2020.01.18"]
[Round "5.7"]
[White "Briestensky, Rastislav"]
[Black "Vass, Frantisek"]
[Result "0-1"]
[ECO "C07"]
[WhiteElo "2344"]
[BlackElo "2306"]
[Annotator "ChessBase"]
[PlyCount "104"]
[EventDate "2019.10.19"]
[EventType "team-tourn"]
[EventCountry "SVK"]
[SourceTitle "playchess.com"]
[Source "ChessBase"]
[SourceQuality "1"]
[WhiteTeam "Slovan"]
[BlackTeam "Podhajska"]
[TimeControl "40/5400+30:1800+30"]

1. e4 e6 2. d4 d5 3. Nd2 c5 4. dxc5 Bxc5 5. Nb3 Be7 6. exd5 exd5 7. Nf3 Nf6 8. Be2 O-O 9. O-O Qc7 10. Bg5 Rd8 11. Bh4 Nc6 12. c3 a6 13. a4 Bf5 14. Bg3 Bd6 15. Bxd6 Qxd6 16. Nfd4 Be4 17. Qc1 Ne5 18. f3 Bg6 19. Rd1 Nc4 20. Nd2 Ne3 21. Re1 Re8 22. Nf1 Nc4 23. b3 Ne5 24. Qd2 Rac8 25. Rec1 Qc5 26. Ne3 Nc6 27. Kf2 Rc7 28. g3 Rce7 29. b4 Qa7 30. Nxc6 bxc6 31. Qd4 Qxd4 32. cxd4 Rxe3 33. Bxa6 Rb3 34. Rxc6 Rxb4 35. a5 Rb2+ 36. Kg1 Bf5 37. Rc7 Reb8 38. Bf1 R2b7 39. Rc5 Kf8 40. a6 Ra7 41. Rac1 Ke8 42. Rc7 Rba8 43. g4 Bd7 44. g5 Ng8 45. R7c5 Ne7 46. Re1 Kd8 47. f4 Bc8 48. f5 Bxf5 49. Re5 Bc8 50. Bd3 Bxa6 51. Bxh7 g6 52. h4 Bc4 0-1

[Event "SVK Extraliga 2019-20"]
[Site "Slovakia"]
[Date "2020.01.18"]
[Round "5.7"]
[White "Danada, Tomas"]
[Black "Tropp, Lukas"]
[Result "1-0"]
[ECO "A05"]
[WhiteElo "2277"]
[BlackElo "2132"]
[Annotator "ChessBase"]
[PlyCount "89"]
[EventDate "2019.10.19"]
[EventType "team-tourn"]
[EventCountry "SVK"]
[SourceTitle "playchess.com"]
[Source "ChessBase"]
[SourceQuality "1"]
[WhiteTeam "Prakovce"]
[BlackTeam "Košice"]
[TimeControl "40/5400+30:1800+30"]

1. Nf3 Nf6 2. e3 g6 3. b4 Bg7 4. Bb2 a5 5. b5 d6 6. Be2 e5 7. d4 e4 8. Nfd2 O-O 9. c4 Re8 10. g4 c5 11. dxc5 Nxg4 12. Bxg7 Nxf2 13. Kxf2 Qh4+ 14. Kg1 Qg5+ 15. Kf2 Kxg7 16. Na3 Qh4+ 17. Kg1 Re5 18. Nf1 Rg5+ 19. Ng3 Rxg3+ 20. hxg3 Qxg3+ 21. Kf1 Bh3+ 22. Rxh3 Qxh3+ 23. Ke1 Qxe3 24. Nc2 Qg1+ 25. Kd2 Qxc5 26. Kc3 Nd7 27. Qd4+ Qxd4+ 28. Kxd4 f5 29. Kd5 Nf6+ 30. Kxd6 Rd8+ 31. Kc7 Rd7+ 32. Kb6 Rd2 33. Bd1 f4 34. Kxb7 e3 35. Ne1 e2 36. Bxe2 Rxe2 37. c5 g5 38. c6 Re7+ 39. c7 Ne8 40. b6 g4 41. Kc6 Re6+ 42. Kd5 Nxc7+ 43. bxc7 Re8 44. Rc1 f3 45. Nxf3 1-0